 Dungeon Crawl Stone Soup version 0.23.2-40-g277498a001 (webtiles) character file.

Game seed: 18144597714580747563

5231 shyneko the Grappler (level 10, 0/91 HPs)
             Began as a Troll Fighter on Sept 27, 2019.
             Was a Believer of Makhleb.
             Slain by Erica
             ... wielding a +0 scimitar of flaming
              (1 damage)
             ... on level 8 of the Dungeon.
             The game lasted 00:40:07 (8718 turns).

shyneko the Grappler (Troll Fighter)                Turns: 8718, Time: 00:40:07

Health: 0/91       AC:  8    Str: 32    XL:     10   Next: 35%
Magic:  9/9        EV: 11    Int:  4    God:    Makhleb [**....]
Gold:   507        SH: 12    Dex:  9    Spells: 6/9 levels left

rFire    . . .     SeeInvis .     - Unarmed
rCold    . . .     Gourm    +   b - +1 shield
rNeg     + + .     Faith    .   v - +2 robe "Gouvomna" {rN++ Str+3}
rPois    .         Spirit   .   (helmet restricted)
rElec    .         Reflect  .   (no cloak)
rCorr    .         Harm     .   (gloves unavailable)
MR       .....                  (boots unavailable)
Stlth    +.........             (no amulet)
HPRegen  0.65/turn              (no ring)
MPRegen  0.11/turn              (no ring)

@: lethally poisoned (0 -> 0), about to teleport, flying, slowed, very slow
A: large, unfitting armour, claws 3, fast metabolism 3, gourmand, regeneration
1, shaggy fur 1, tough skin 3
a: Minor Destruction, Renounce Religion


You were on level 8 of the Dungeon.
You worshipped Makhleb.
Makhleb was pleased with you.
You were full.

You visited 2 branches of the dungeon, and saw 9 of its levels.

You collected 507 gold pieces.

Inventory:

Hand Weapons
 l - a +0 morningstar
 o - a +3 scythe of freezing
 s - the +2 mace of the Feather {crush, rPois rF+ Dex+3}
   (You found it on level 4 of the Dungeon)

   It inflicts extra damage upon your enemies.
   It affects your dexterity (+3).
   It protects you from fire.
   It protects you from poison.
 w - a +3 quarterstaff of chaos
Armour
 a - a +0 robe
 b - a +1 shield (worn)
 v - the +2 robe "Gouvomna" (worn) {rN++ Str+3}
   (You found it on level 4 of the Dungeon)

   It affects your strength (+3).
   It greatly protects you from negative energy.
 x - a +1 cloak of magic resistance
Jewellery
 y - an uncursed ring of protection from magic
Wands
 k - a wand of enslavement (3)
 n - a wand of flame (24)
 B - a wand of polymorph (20)
Scrolls
 f - 2 scrolls of fear
 h - 2 scrolls of magic mapping
 r - 4 scrolls of remove curse
 u - a scroll of teleportation
 C - a scroll of amnesia
 D - a scroll of identify
 E - a scroll of acquirement {unknown}
Potions
 c - a potion of might
 e - 5 potions of brilliance
 g - 3 potions of agility
 i - 2 potions of curing
 j - 2 potions of lignification
 p - 3 potions of degeneration
 q - a potion of ambrosia
 t - 2 potions of mutation {unknown}
 z - 2 potions of berserk rage {unknown}
Comestibles
 d - 17 rations


   Skills:
 + Level 3.6 Fighting
 + Level 5.8 Dodging
 - Level 0.4 Stealth
 * Level 8.0 Shields
 * Level 10.3 Unarmed Combat


You had 6 spell levels left.
You knew the following spells:

 Your Spells              Type           Power        Failure   Level  Hunger
a - Passwall              Tmut/Erth      #.......     71%         2    ###....
b - Sandblast             Erth           #.....       56%         1    ##.....

Your spell library contained the following spells:

 Spells                   Type           Power        Failure   Level  Hunger
 Stone Arrow              Conj/Erth      #.....       90%         3    ####...
 Petrify                  Tmut/Erth      #.......     100%        4    #####..
 Lee's Rapid Deconstruct  Erth           #.........   100%        5    ######.


Dungeon Overview and Level Annotations

Branches:
Dungeon (8/15)             Temple (1/1) D:6
   Lair: D:8-11

Altars:
Ashenzari
Cheibriados
Dithmenos
Elyvilon
Fedhas
Gozag
Hepliaklqana
Kikubaaqudgha
Makhleb
Nemelex Xobeh
Okawaru
Qazlal
Sif Muna
Trog
Uskayaw
Vehumet
Wu Jian
Xom
Yredelemnul
Zin
The Shining One

Annotations:
D:8 Erica


Innate Abilities, Weirdness & Mutations

You are too large for most types of armour.
You have claws for hands.
Your metabolism is lightning-fast.
You like to eat raw meat.
Your natural rate of healing is unusually fast.
You are covered in fur. (AC +1)
You have extremely tough skin. (AC +3)


Message History

You see here 2 arrows.
You feel sick.
The centaur shoots an arrow.
The arrow hits you but does no damage.
You see here an arrow.
You feel sick.
The centaur shoots an arrow.
The arrow hits you!
* * * LOW HITPOINT WARNING * * *
You block Erica's attack.
You see here an arrow.
As you read the scroll of teleportation, it crumbles to dust.
You feel strangely unstable.
You feel sick.
The centaur shoots an arrow.
You block the arrow.
Erica mumbles some strange words.
Erica flickers and vanishes!
Deactivating autopickup; reactivate with Ctrl-A.
You feel sick.
The centaur shoots an arrow.
The arrow hits you.
* * * LOW HITPOINT WARNING * * *
The centaur shoots an arrow.
The arrow closely misses you. Something hits you.
* * * LOW HITPOINT WARNING * * *
Something burns you.
You die...

.....# ##...........#
###.## ##..........## ....#
##.#####.....## ....# #..#
##.....## # .>..### #.##
#......###.# ..#...###.#
#.c........# ..........#
##.(((....##
...#####..######.(##(.....#
...# ##.......@###(..##.#
..## #....###(# #(..# ###
#.#### #.# #...# ### #.#
#..## #.. #..# ### ....
##... #.# ##


You could see a centaur.

Vanquished Creatures
  A two-headed ogre (D:8)
  Pikel (D:6)
  Psyche (D:8)
  A hippogriff (D:7)
  Sigmund (D:3)
  A yak (D:4)
  A hungry ghost (D:8)
  A water moccasin (D:7)
  An orc warrior (D:5)
  Purgy (D:3)
  2 slaves (D:6)
  2 black bears (D:8)
  2 ogres
  A centaur (D:7)
  2 big kobolds
  5 bullfrogs
  A water moccasin zombie (D:7)
  5 scorpions
  5 killer bees (D:8)
  2 electric eels (D:7)
  2 howler monkeys
  3 crimson imps
  A quasit (D:5)
  2 bullfrog skeletons
  A centaur skeleton (D:7)
  4 jellies
  4 orc wizards
  A gnoll shaman (D:5)
  3 orc priests
  3 hounds (D:8)
  Natasha (thrice) (D:3)
  6 iguanas
  Crazy Yiuf (D:5)
  Terence (D:3)
  5 worker ants
  3 hound skeletons
  A howler monkey skeleton (D:5)
  4 gnolls (D:5)
  12 adders
  A shadow imp (D:8)
  4 worms
  2 dart slugs (D:1)
  11 leopard geckos
  21 orcs
  4 ball pythons
  6 giant cockroaches
  5 goblins
  9 hobgoblins
  16 jackals
  5 quokkas
  4 bats
  3 frilled lizards
  21 kobolds
  3 leopard gecko skeletons
  A leopard gecko zombie (D:5)
  A quokka skeleton (D:7)
  9 rats
223 creatures vanquished.

Notes
Turn   | Place    | Note
-------+----------+-------------------------------------------
     0 | D:1      | shyneko the Troll Fighter began the quest for the Orb.
     0 | D:1      | Reached XP level 1. HP: 22/22 MP: 0/0
   237 | D:1      | Reached XP level 2. HP: 11/29 MP: 1/1
   839 | D:2      | Found a stormy altar of Qazlal.
   875 | D:2      | Reached XP level 3. HP: 36/36 MP: 2/2
   949 | D:2      | Found a basalt altar of Yredelemnul.
  1095 | D:2      | Reached XP level 4. HP: 28/44 MP: 3/3
  1140 | D:2      | Found an opulent altar of Gozag.
  1222 | D:2      | Found a faded altar of an unknown god.
  1785 | D:3      | Noticed Terence
  1798 | D:3      | Killed Terence
  1798 | D:3      | Reached skill level 3 in Unarmed Combat
  1798 | D:3      | Reached XP level 5. HP: 47/52 MP: 4/4
  1975 | D:3      | Noticed Natasha
  1996 | D:3      | Killed Natasha
  2015 | D:3      | Noticed Purgy
  2026 | D:3      | Killed Purgy
  2026 | D:3      | Reached skill level 4 in Unarmed Combat
  2084 | D:3      | Noticed Sigmund
  2095 | D:3      | Killed Sigmund
  2095 | D:3      | Reached XP level 6. HP: 36/61 MP: 5/5
  2209 | D:3      | Noticed Natasha
  2221 | D:3      | Killed Natasha
  2499 | D:3      | Reached skill level 5 in Unarmed Combat
  2499 | D:3      | Reached XP level 7. HP: 59/67 MP: 6/6
  2653 | D:3      | Noticed Natasha
  2657 | D:3      | Killed Natasha
  2740 | D:4      | Found a white marble altar of Elyvilon.
  2776 | D:4      | Found a hazy altar of Hepliaklqana.
  3267 | D:4      | Found a hide-covered altar of Uskayaw.
  3635 | D:4      | Got a shadowed robe
  3646 | D:4      | Identified the +2 robe "Gouvomna" {rN++ Str+3} (You found
                  | it on level 4 of the Dungeon)
  3762 | D:4      | Got a translucent mace
  4022 | D:5      | Entered Level 5 of the Dungeon
  4025 | D:5      | Noticed a yak
  4069 | D:4      | Killed a yak
  4069 | D:4      | Reached skill level 6 in Unarmed Combat
  4166 | D:5      | Reached XP level 8. HP: 48/75 MP: 7/7
  4179 | D:5      | Reached skill level 5 in Shields
  4476 | D:5      | Reached skill level 7 in Unarmed Combat
  4729 | D:5      | Found a runed translucent door.
  4730 | D:5      | Noticed Crazy Yiuf
  4777 | D:5      | Killed Crazy Yiuf
  5244 | D:6      | Found a glowing golden altar of the Shining One.
  5268 | D:6      | Found a shadowy altar of Dithmenos.
  5281 | D:6      | Noticed Pikel
  5300 | D:6      | Killed Pikel
  5300 | D:6      | Reached XP level 9. HP: 42/83 MP: 8/8
  5529 | D:6      | Found a staircase to the Ecumenical Temple.
  5543 | Temple   | Entered the Ecumenical Temple
  5821 | Temple   | Became a worshipper of Makhleb the Destroyer
  5950 | D:6      | Found a radiant altar of Vehumet.
  6061 | D:7      | Reached skill level 8 in Unarmed Combat
  6303 | D:7      | Reached * piety under Makhleb
  6303 | D:7      | Reached skill level 5 in Dodging
  6777 | D:7      | Learned a level 2 spell: Passwall
  6780 | D:7      | Learned a level 1 spell: Sandblast
  7229 | D:7      | Reached skill level 9 in Unarmed Combat
  7310 | D:7      | Identified the +2 mace of the Feather {crush, rPois rF+
                  | Dex+3} (You found it on level 4 of the Dungeon)
  7499 | D:8      | Found a bloodstained altar of Trog.
  7589 | D:8      | Reached ** piety under Makhleb
  7787 | D:8      | Reached XP level 10. HP: 79/91 MP: 9/9
  8070 | D:8      | Noticed a two-headed ogre
  8080 | D:8      | Killed a two-headed ogre
  8080 | D:8      | Reached skill level 10 in Unarmed Combat
  8382 | D:8      | Noticed Psyche
  8389 | D:8      | Killed Psyche
  8527 | D:8      | Found an ornate altar of the Wu Jian Council.
  8701 | D:8      | Noticed Erica
  8718 | D:8      | HP: 1/91 [something (6)]
  8718 | D:8      | Slain by Erica

Skill      XL: |  1  2  3  4  5  6  7  8  9 10 |
---------------+-------------------------------+-----
Shields        | 3 4 6 7 8 |  8.0
Unarmed Combat | 3 4 5 6 7 9 10 | 10.3
Dodging        | 3 4 5 |  5.8
Fighting       | 3 |  3.6
Stealth        | |  0.4

Action                   |  1- 3 |  4- 6 |  7- 9 | 10-12 || total
-------------------------+-------+-------+-------+-------++-------
Melee: Unarmed           |   111 |   131 |   470 |    66 ||   778
 Cast: Passwall          |       |       |     1 |       ||     1
Evoke: Wand              |       |       |     1 |       ||     1
  Use: Scroll            |     7 |     2 |    14 |     1 ||    24
       Potion            |       |       |     2 |     3 ||     5
 Stab: Invisible         |       |       |       |     1 ||     1
  Eat: Chunk             |     9 |    20 |    51 |     5 ||    85
Armor: Robe              |    37 |    18 |   170 |    17 ||   242
Dodge: Dodged            |    41 |    48 |   255 |    33 ||   377
Block: Shield            |    67 |    72 |   446 |    46 ||   631
